 Dungeon Crawl Stone Soup version 0.30-a0-881-g1ff12e1e11 (webtiles) character file.

Game seed: 1680657148248538510

483 FallingFreak the Trooper (level 7, -2/59 HPs)
             Began as a Ghoul Warper on Mar 14, 2023.
             Was a Follower of Okawaru.
             Slain by a scorpion (5 damage)
             ... on level 5 of the Dungeon.
             The game lasted 00:19:38 (6308 turns).

FallingFreak the Trooper (Ghoul Warper)             Turns: 6308, Time: 00:19:39

Health: -2/59      AC:  7    Str: 15    XL:     7   Next: 12%
Magic:  4/10       EV: 10    Int: 10    God:    Okawaru [*.....]
Gold:   207        SH:  0    Dex:  8    Spells: 5/12 levels left

rFire   . . .      SeeInvis .    b - +4 hand axe (elec)
rCold   + . .      Faith    .    (no shield)
rNeg    + + +      Spirit   .    i - +0 ring mail
rPois   ∞          Reflect  .    m - +0 helmet
rElec   .          Rampage  .    (no cloak)
rCorr   .                        n - +0 pair of gloves
Will    .....                    (no boots) Stlth
                                 (no amulet)
HPRegen 0.00/turn                (no ring)
MPRegen 0.12/turn                (no ring)

@: on blink cooldown, very slightly contaminated, inhibited regen
A: claws 1, cold resistance 1, negative energy resistance 3, inhibited
regeneration, torment resistance 2, devour on kill
a: Renounce Religion, Heroism


You were on level 5 of the Dungeon.
You worshipped Okawaru.
Okawaru was aware of your devotion.
You visited 2 branches of the dungeon, and saw 6 of its levels.

You collected 207 gold pieces.

Inventory:

Hand Weapons
 a - a +0 spear
 b - a +4 hand axe of electrocution (weapon)
 C - a +0 short sword of venom
Missiles
 d - 7 boomerangs of dispersal (quivered) {!f}
 v - 6 boomerangs
 y - 5 datura-tipped darts {!f}
 B - 9 poisoned darts
 F - 2 silver boomerangs
Armour
 h - +0 storm dragon scales
 i - a +0 ring mail (worn)
 m - a +0 helmet (worn)
 n - a +0 pair of gloves (worn)
 r - a +0 leather armour
Jewellery
 g - an amulet of faith {@P6}
Scrolls
 c - a scroll of noise {unknown}
 e - 3 scrolls of identify {unknown}
 f - 3 scrolls of blinking
 j - a scroll of torment {unknown}
 l - 2 scrolls of enchant armour {unknown}
 o - a scroll of vulnerability {unknown}
 p - 2 scrolls of magic mapping {unknown}
 q - 3 scrolls of teleportation {unknown}
 s - a scroll of fog {unknown}
 x - 4 scrolls of fear {unknown}
 G - a scroll of poison {unknown}
Potions
 k - 2 potions of heal wounds {unknown}
 t - 2 potions of brilliance {unknown}
 u - 2 potions of curing {unknown}
 w - a potion of might {unknown}
 z - 2 potions of flight {unknown}
 A - a potion of invisibility {unknown}
 D - a potion of lignification {unknown}
 E - a potion of haste {unknown}


   Skills:
 + Level 4.1 Fighting
 + Level 3.3 Polearms
 - Level 0.8 Throwing
 + Level 2.9 Armour
 - Level 1.7 Dodging
 - Level 3.1 Spellcasting
 + Level 4.0 Translocations
 + Level 0.2 Invocations


You had 5 spell levels left.
You knew the following spells:

 Your Spells              Type           Power      Damage    Failure   Level
c - Blink                 Tloc           18%        N/A       16%         2
A - Teleport Other        Tloc           9%         N/A       30%         3
Z - Lesser Beckoning      Tloc           18%        N/A       16%         2

Your spell library contained the following spells:

 Spells                   Type           Power      Damage    Failure   Level
 Vhi's Electric Charge    Tloc/Air       10%        N/A       56%         3
 Manifold Assault         Tloc           9%         N/A       71%         4
 Inner Flame              Hex/Fire       1%         N/A       85%         3
 Flame Wave               Conj/Fire      1%         2d4       99%         4
 Sticky Flame             Conj/Fire      1%         2d3       99%         4


Dungeon Overview and Level Annotations

Branches:
Dungeon (5/15) Zot: 24059  Temple (1/1) D:4 Zot: 5603

Altars:
Ashenzari
Cheibriados
Dithmenos
Gozag
Hepliaklqana
Kikubaaqudgha
Nemelex Xobeh
Okawaru
Qazlal
Sif Muna
Vehumet
Wu Jian
Xom


Innate Abilities, Weirdness & Mutations

You are immune to poison.
You have sharp fingernails.
Your flesh is cold resistant. (rC+)
You are immune to negative energy. (rN+++)
You do not regenerate when monsters are visible.
You are immune to unholy pain and torment.
You thrive by killing the living.


Message History

Your Translocations skill increases to level 4!
You barely miss the ogre. You miss the ufetubus. The ufetubus hits you.
The ufetubus hits you but does no damage.
The ogre hits you with a +0 giant club!
The ufetubus hits you but does no damage. x2
You hit the ogre.
The ogre is lightly wounded.
You miss the ufetubus. The ufetubus hits you. The ufetubus closely misses you.
The ogre closely misses you.
Casting: Lesser Beckoning (safe; 16% risk of failure)
Confirm with . or Enter, or press ? or * to list all spells.
You miscast Blink.
You are very lightly contaminated with residual magic.
Nothing appears to happen.
The ufetubus hits you but does no damage. x2
The ufetubus closely misses you. The ufetubus hits you.
Casting: Blink (safe; 16% risk of failure)
Confirm with . or Enter, or press ? or * to list all spells.
You miscast Blink.
Nothing appears to happen.
A scorpion comes into view.
The ufetubus hits you but does no damage.
The ufetubus hits you.
* * * LOW HITPOINT WARNING * * *
The ogre hits you with a +0 giant club!!
* * * LOW HITPOINT WARNING * * *
The scorpion moves out of view.
Casting: Blink (safe; 16% risk of failure)
Confirm with . or Enter, or press ? or * to list all spells.
You blink.
The ufetubus hits you.
* * * LOW HITPOINT WARNING * * *
The ufetubus closely misses you. The ufetubus attacks as you move away!
The ufetubus hits you but does no damage.
The ufetubus barely misses you.
Found a stone staircase leading up.
The ufetubus hits you but does no damage.
The ufetubus hits you.
* * * LOW HITPOINT WARNING * * *
The ufetubus closely misses you. The ufetubus barely misses you.
The scorpion stings you.
You die...

#.#.#.#.####..#
#.#...@s.....#..#
#......5####.#..#
#........O......#
#..............##
#........###.###
#........# #§#
..........# #)#
..........# #.#
#..###..## #.# ..
... #.# #... #.#
#.# ... ..# ###


You could see an ogre, a scorpion and an ufetubus.

Vanquished Creatures
  A phantom (D:4)
  A gnoll bouda (D:4)
  2 orc priests (D:3)
  An iguana (D:4)
  3 orc wizards
  Robin (D:2)
  4 gnolls (D:4)
  3 adders
  A worm (D:2)
  3 dart slugs
  17 orcs
  5 endoplasms
  3 giant cockroaches
  16 goblins
  15 hobgoblins
  3 jackals (D:1)
  2 kobolds (D:4)
  3 quokkas
  3 ball pythons
  9 bats
  3 frilled lizards
  9 rats
108 creatures vanquished.

Vanquished Creatures (collateral kills)
  An adder (D:3)
  An orc (D:3)
  2 ball pythons (D:3)
  2 kobolds (D:3)
  2 rats (D:3)
8 creatures vanquished.

Vanquished Creatures (others)
  A goblin (D:3)
1 creature vanquished.

Grand Total: 117 creatures vanquished

Notes
Turn   | Place    | Note
-------+----------+-------------------------------------------
     0 | D:1      | FallingFreak the Ghoul Warper began the quest for the Orb.
     0 | D:1      | Reached XP level 1. HP: 17/17 MP: 2/2
     4 | D:1      | Noticed a demigod
     4 | D:1      | Noticed an octopode
     6 | D:1      | Noticed a gargoyle
     8 | D:1      | Noticed an elf
     9 | D:1      | Noticed an octopode
    11 | D:1      | Noticed a dwarf
    11 | D:1      | Noticed a spriggan
    13 | D:1      | Noticed a tengu
    13 | D:1      | Noticed a naga
    15 | D:1      | Noticed a gargoyle
    15 | D:1      | Noticed a vampire
    17 | D:1      | Noticed a spriggan
    17 | D:1      | Noticed a vampire
    19 | D:1      | Noticed a ghoul
   115 | D:1      | Reached skill level 1 in Armour
   225 | D:1      | Reached XP level 2. HP: 25/25 MP: 3/3
   715 | D:1      | Increase (s)trength, (i)ntelligence, or (d)exterity?
   715 | D:1      | Reached XP level 3. HP: 20/30 MP: 5/5
  1145 | D:2      | Noticed Robin
  1677 | D:2      | Killed Robin
  2125 | D:2      | Reached XP level 4. HP: 29/37 MP: 6/6
  3098 | D:2      | Learned a level 2 spell: Blink
  3101 | D:2      | Learned a level 2 spell: Lesser Beckoning
  3336 | D:3      | Reached XP level 5. HP: 28/45 MP: 7/7
  4378 | D:4      | Found a staircase to the Ecumenical Temple.
  4390 | Temple   | Entered the Ecumenical Temple
  4681 | Temple   | Became a worshipper of Warmaster Okawaru
  4844 | D:4      | You miscast Lesser Beckoning.
  4961 | D:4      | Reached XP level 6. HP: 41/51 MP: 9/9
  5100 | D:4      | Learned a level 3 spell: Teleport Other
  5916 | D:4      | Reached * piety under Okawaru
  5917 | D:4      | Reached XP level 7. HP: 52/59 MP: 10/10
  5961 | D:4      | Found a snail-covered altar of Cheibriados.
  6283 | D:5      | Entered Level 5 of the Dungeon
  6302 | D:5      | You miscast Blink.
  6303 | D:5      | You miscast Blink.
  6308 | D:5      | Slain by a scorpion

Illustrated notes

Levels and vault maps discovered:
D:1:      shiori_arrival_whats_in_store_for_you, layout_basic,
          reono_crystal_passage
D:2:      layout_basic, uniq_robin
D:3:      layout_loops_cross
D:4:      cheibrodos_helix_gallery, layout_basic, kennysheep_slug_shrine,
          minmay_temple_entry_arrows
D:5:      layout_loops_ring, mainiacjoe_overflow_alcove_2,
          fedhas_altar_decomposition, serial_glass, glass_columns_b,
          glass_columns_a, glass_columns_b, glass_columns_a, glass_columns_b,
          glass_columns_b, nicolae_sextant, minmay_misc_feat_rugged,
          patterned_corridor, uniq_menkaure
Temple:   nicolae_temple_superstar

Skill      XL: |  1  2  3  4  5  6  7 |
---------------+----------------------+-----
Armour         | 1 2 |  2.9
Polearms       | 2 3 |  3.3
Spellcasting   | 2 3 |  3.1
Translocations | 3 4 |  4.0
Fighting       | 3 4 |  4.1
Throwing       | |  0.8
Dodging        | |  1.7
Invocations    | |  0.2

Action                     |  1- 3 |  4- 6 |  7- 9 || total
---------------------------+-------+-------+-------++-------
  Melee: Spear             |   162 |   164 |     1 ||   327
         Punch             |     1 |     1 |       ||     2
         Hand axe          |       |   106 |    13 ||   119
  Throw: Dart              |       |     9 |       ||     9
   Cast: Blink             |       |       |     1 ||     1
 Armour: Leather armour    |    10 |       |       ||    10
         Ring mail         |    29 |    93 |    15 ||   137
  Dodge: Dodged            |    67 |   114 |    13 ||   194

Table legend: (Time is in decaauts)
 A = Elapsed time spent in this place.
 B = Non-inter-level travel time spent in this place.
 C = Inter-level travel time spent in this place.
 D = Time resting spent in this place.
 E = Time spent auto-exploring this place.
 F = Levels seen in this place.
 G = Mean time per level.
                   A        B        C        D        E       F      G
               +--------+--------+--------+--------+--------+-----+--------+
         Total |   6336 |   6198 |    138 |   2294 |   2823 |   6 | 1056.0 |
       Dungeon |   5939 |   5823 |    116 |   2056 |   2715 |   5 | 1187.8 |
        Temple |    396 |    374 |     22 |    238 |    108 |   1 |  396.0 |
               +--------+--------+--------+--------+--------+-----+--------+

Top non-repeatable levels by time:
     D:1: 2013 daAuts
     D:4: 1591 daAuts
     D:2: 1213 daAuts
     D:3: 1094 daAuts
  Temple: 396 daAuts
     D:5: 27 daAuts
